 Dungeon Crawl Stone Soup version 0.23.2-30-g0e89c35649 (webtiles) character file.

Game seed: 12078316342961591830

559388 doot the Ruinous (level 25, -2/180 HPs)
             Began as a Demonspawn Venom Mage on June 19, 2019.
             Was the Champion of Vehumet.
             Slain by a death scarab (14 damage)
             ... on level 1 of the Tomb of the Ancients on June 21, 2019.
             The game lasted 06:50:48 (72177 turns).

doot the Ruinous (Demonspawn Venom Mage)           Turns: 72177, Time: 06:50:49

Health: -2/180     AC: 27    Str: 13    XL:     25   Next: 30%
Magic:  0/54       EV: 14    Int: 39    God:    Vehumet [******]
Gold:   6703       SH:  0    Dex: 16    Spells: 7/67 levels left

rFire    + + +     SeeInvis +   M - +6 Majin-Bo {vamp, Archmagi MP+6 Int+6}
rCold    x . .     Gourm    .   (shield currently unavailable)
rNeg     + . .     Faith    .   W - +6 ring mail of the Country {rF++}
rPois    +         Spirit   +   (helmet unavailable)
rElec    +         Reflect  .   z - +2 cloak of the Thief {+Fog Slay-2 SInv Stlth+}
rCorr    .         Harm     .   v - +4 pair of gloves of Idealism {rPois Slay+2}
MR       +....                  Q - +2 pair of boots {Stlth+}
Stlth    ++++++....             E - amulet of Hang {rElec Regen+}
HPRegen  0.80/turn              Y - ring of wizardry
MPRegen  0.68/turn              e - ring of Foixism {Fire Str+3 Int+6 Slay-5 Stlth+}

@: marked, very slightly contaminated, slowed, studying Summonings, lightly
drained, very slow
A: hooves 1, horns 3, yellow scales 2, agile 1, foul stench 2, negative energy
resistance 1, sense surroundings 1, robust 1, 50% torment resistance, magic
shield, magic regeneration, magic link, rot immunity
}: 3/15 runes: serpentine, barnacled, silver
a: Renounce Religion, Evoke Fog


You were on level 1 of the Tomb of the Ancients.
You worshipped Vehumet.
Vehumet was exalted by your worship.
You were hungry.

You visited 11 branches of the dungeon, and saw 49 of its levels.
You visited 1 bazaar.
You also visited: Gauntlet, Wizlab and Desolation.

You collected 8288 gold pieces.
You spent 1585 gold pieces at shops.

Inventory:

Hand Weapons
 M - the +6 Majin-Bo (weapon) {vamp, Archmagi MP+6 Int+6}
   (You took it off a Hellbinder in a wizard's laboratory)

   It inflicts no extra harm, but heals its wielder when it wounds a living foe.
   It affects your intelligence (+6).
   It affects your magic capacity (+6).
Armour
 v - the +4 pair of gloves of Idealism (worn) {rPois Slay+2}
   (You found it on level 5 of the Depths)

   It affects your accuracy and damage with ranged weapons and melee attacks
   (+2).
   It protects you from poison.
 y - a scarf of cloud immunity
 z - the +2 cloak of the Thief (worn) {+Fog Slay-2 SInv Stlth+}
   (You acquired it on level 3 of the Snake Pit)

   It affects your accuracy and damage with ranged weapons and melee attacks
   (-2).
   It lets you see invisible.
   It makes you more stealthy.
 Q - a +2 pair of boots of stealth (worn)
 V - a scarf of resistance
 W - the +6 ring mail of the Country (worn) {rF++}
   (You found it on level 4 of the Shoals)

   It greatly protects you from fire.
Magical Staves
 r - an uncursed staff of conjuration
 X - an uncursed staff of wizardry
Jewellery
 a - the ring "Waxif" {+Fly rPois rC+}
   (You bought it in a shop on level 3 of the Elven Halls)

   [ring of flight]

   It protects you from cold.
   It protects you from poison.
   It lets you fly.
 e - the ring of Foixism (right hand) {Fire Str+3 Int+6 Slay-5 Stlth+}
   (You found it on level 6 of the Lair of Beasts)

   [ring of fire]

   It enhances your fire magic.
   It affects your strength (+3).
   It affects your intelligence (+6).
   It affects your accuracy and damage with ranged weapons and melee attacks
   (-5).
   It protects you from fire.
   It makes you vulnerable to cold.
   It makes you more stealthy.
 f - the amulet of Darghaosy {RegenMP rF+ rC- Int-3 Dex+5}
   (You took it off a frost giant on level 5 of the Vaults)

   [amulet of magic regeneration]

   It increases your magic regeneration.
   It affects your intelligence (-3).
   It affects your dexterity (+5).
   It protects you from fire.
   It makes you vulnerable to cold.
 n - an uncursed amulet of regeneration
 s - the ring of Ipaitwef {Ice *Slow +Blink +Inv rElec}
   (You found it in the Desolation of Salt)

   [ring of ice]

   It enhances your ice magic.
   It makes you vulnerable to fire.
   It protects you from cold.
   It insulates you from electricity.
   It lets you turn invisible.
   It lets you blink.
   It may slow you when you take damage.
 t - the ring "Inipp" {rF+ rN+ MR+ Int+7 Stlth-}
   (You found it in a wizard's laboratory)

   [ring of protection from fire]

   It affects your intelligence (+7).
   It protects you from fire.
   It protects you from negative energy.
   It affects your resistance to hostile enchantments.
   It makes you less stealthy.
 w - the ring of Fatigue {*Tele Int+3}
   (You found it in a wizard's laboratory)

   [ring of teleportation]

   It may teleport you next to monsters.
   It affects your intelligence (+3).
 E - the amulet of Hang (around neck) {rElec Regen+}
   (You found it in the Desolation of Salt)

   [amulet of regeneration]

   It insulates you from electricity.
   It increases your rate of regeneration.
 L - an uncursed ring of magical power
 N - the amulet of Wihamir {Harm *Drain rPois}
   (You found it in the Desolation of Salt)

   [amulet of harm]

   It increases damage dealt and taken.
   It protects you from poison.
   It causes draining when unequipped.
 O - a +5 amulet of reflection
 S - the amulet "Ylikhyir" {Gourm +Inv MR+}
   (You found it in the Desolation of Salt)

   [amulet of the gourmand]

   It allows you to eat raw meat even when not hungry.
   It affects your resistance to hostile enchantments.
   It lets you turn invisible.
 Y - a ring of wizardry (left hand)
Wands
 g - a wand of flame (209)
 D - a wand of acid (44)
 H - a wand of iceblast (28)
 K - a wand of digging (19)
 T - a wand of polymorph (9)
Scrolls
 b - 7 scrolls of blinking
 m - 34 scrolls of remove curse
 p - 10 scrolls of teleportation
 q - 9 scrolls of immolation
 x - 3 scrolls of magic mapping
 C - 3 scrolls of amnesia
 G - 7 scrolls of enchant weapon
 P - 6 scrolls of summoning
 U - 3 scrolls of fear
Potions
 d - 11 potions of brilliance
 h - 3 potions of ambrosia
 i - 5 potions of agility
 j - 4 potions of resistance
 k - 6 potions of flight
 l - 19 potions of curing
 o - 11 potions of heal wounds
 u - 7 potions of lignification
 A - 2 potions of cancellation
 B - 9 potions of haste
 J - 6 potions of invisibility
 R - 3 potions of berserk rage
Books
 I - a manual of Summonings
Miscellaneous
 F - a crystal ball of energy
 Z - 4 sacks of spiders
Comestibles
 c - 36 rations


   Skills:
 + Level 6.0(5.6) Fighting
   Level 6.6(6.2) Short Blades
 + Level 0.7(0.4) Staves
 + Level 8.6(8.2) Armour
 + Level 6.7(6.3) Dodging
 + Level 6.6(6.2) Stealth
 - Level 0.1(0.0) Unarmed Combat
 + Level 21.5(20.9) Spellcasting
 * Level 22.6(22.0) Conjurations
 + Level 7.4(7.0) Charms
 + Level 7.5(7.0) Summonings
 + Level 11.8(11.3) Necromancy
 + Level 7.0(6.6) Fire Magic
 * Level 11.1(10.7) Ice Magic
   Level 3.6(3.2) Air Magic
 + Level 8.8(8.4) Earth Magic
 + Level 16.4(15.9) Poison Magic
 + Level 2.7(2.3) Evocations


You had 7 spell levels left.
You knew the following spells:

 Your Spells              Type           Power        Failure   Level  Hunger
a - Sting                 Conj/Pois      ####         0%          1    None
b - Spellforged Servitor  Conj/Summ      ########..   1%          7    None
c - Glaciate              Conj/Ice       ########..   16%         9    ####...
d - Lehudib's Crystal Sp  Conj/Erth      ########..   1%          8    ##.....
e - Venom Bolt            Conj/Pois      ########..   0%          5    None
f - Regeneration          Chrm/Necr      ########..   1%          3    None
g - Orb of Destruction    Conj           ########..   1%          7    None
h - Bolt of Draining      Conj/Necr      ########..   1%          5    None
i - Bolt of Magma         Conj/Fire/Erth ########..   1%          5    None
j - Iskenderun's Battles  Conj/Chrm      ########     1%          5    None
k - Dispel Undead         Necr           ########     1%          5    None

Your spell library contained the following spells:

 Spells                   Type           Power        Failure   Level  Hunger
 Tornado                  Air            #######...   100%        9    ####...
 Animate Skeleton         Necr           N/A          0%          1    None
 Magic Dart               Conj           ####         0%          1    None
 Corpse Rot               Necr           N/A          0%          2    None
 Sublimation of Blood     Necr           ########..   0%          2    None
 Throw Flame              Conj/Fire      ######       0%          2    None
 Conjure Flame            Conj/Fire      ########     0%          3    None
 Mephitic Cloud           Conj/Pois/Air  ########     0%          3    None
 Olgreb's Toxic Radiance  Pois           ########     0%          4    None
 Throw Icicle             Conj/Ice       ########     0%          4    None
 Apportation              Tloc           ######       1%          1    None
 Beastly Appendage        Tmut           ######       1%          1    None
 Confusing Touch          Hex            ######       1%          1    None
 Corona                   Hex            ######.      1%          1    None
 Infusion                 Chrm           ####         1%          1    None
 Summon Butterflies       Summ           #######.     1%          1    None
 Summon Small Mammal      Summ           ####         1%          1    None
 Blink                    Tloc           N/A          1%          2    None
 Call Imp                 Summ           #######.     1%          2    None
 Ensorcelled Hibernation  Hex/Ice        ######       1%          2    None
 Poisonous Vapours        Pois/Air       ######       1%          2    None
 Shroud of Golubria       Chrm/Tloc      #######...   1%          2    None
 Slow                     Hex            ######..     1%          2    None
 Song of Slaying          Chrm           #######.     1%          2    None
 Sticks to Snakes         Tmut           ######..     1%          2    None
 Swiftness                Chrm/Air       #######.     1%          2    None
 Call Canine Familiar     Summ           #######.     1%          3    None
 Confuse                  Hex            ######..     1%          3    None
 Dazzling Spray           Conj/Hex       ######       1%          3    None
 Gell's Gravitas          Tloc           ######....   1%          3    None
 Ignite Poison            Fire/Tmut/Pois ########     1%          3    None
 Inner Flame              Hex/Fire       ########     1%          3    None
 Lesser Beckoning         Tloc           ######....   1%          3    None
 Ozocubu's Armour         Chrm/Ice       ########     1%          3    None
 Recall                   Summ/Tloc      N/A          1%          3    None
 Spectral Weapon          Hex/Chrm       #######.     1%          3    None
 Spider Form              Tmut/Pois      ########..   1%          3    None
 Summon Guardian Golem    Hex/Summ       #######.     1%          3    None
 Teleport Other           Tloc           ######..     1%          3    None
 Tukima's Dance           Hex            ######..     1%          3    None
 Ice Form                 Ice/Tmut       #######.     1%          4    None
 Leda's Liquefaction      Hex/Erth       #######...   1%          4    None
 Summon Ice Beast         Ice/Summ       ########     1%          4    None
 Summon Lightning Spire   Summ/Air       #######.     1%          4    None
 Agony                    Necr           ########     1%          5    None
 Alistair's Intoxication  Tmut/Pois      ########     1%          5    None
 Aura of Abjuration       Summ           #######...   1%          5    None
 Excruciating Wounds      Chrm/Necr      ########..   1%          5    None
 Fireball                 Conj/Fire      ########..   1%          5    None
 Metabolic Englaciation   Hex/Ice        #######...   1%          5    None
 Summon Demon             Summ           #######...   1%          5    None
 Bolt of Cold             Conj/Ice       ########..   1%          6    None
 Bolt of Fire             Conj/Fire      ########..   1%          6    None
 Freezing Cloud           Conj/Ice/Air   ########..   1%          6    None
 Iron Shot                Conj/Erth      ########..   1%          6    None
 Ozocubu's Refrigeration  Ice            ########..   1%          6    None
 Simulacrum               Ice/Necr       ########..   1%          6    None
 Summon Mana Viper        Hex/Summ       #######.     3%          5    None
 Cause Fear               Hex            ######....   4%          4    None
 Passage of Golubria      Tloc           N/A          4%          4    None
 Yara's Violent Unravell  Hex/Tmut       ######....   4%          5    None
 Shadow Creatures         Summ           N/A          4%          6    None
 Silence                  Hex/Air        ######....   7%          5    None
 Deflect Missiles         Chrm/Air       #######...   9%          6    None
 Blade Hands              Tmut           ######....   13%         5    None
 Statue Form              Tmut/Erth      #######..    13%         6    None
 Summon Hydra             Summ           #######...   22%         7    None
 Ring of Flames           Chrm/Fire      ########..   24%         7    None
 Invisibility             Hex            ######..     56%         6    None
 Ignition                 Fire           ########..   43%         8    ##.....
 Shatter                  Erth           ########..   95%         9    ####...
 Discord                  Hex            ######....   100%        8    ##.....


Dungeon Overview and Level Annotations

Branches:
Dungeon (15/15)            Temple (1/1) D:5            Lair (6/6) D:10
 Shoals (4/4) Lair:2        Snake (4/4) Lair:4        Slime (0/5) Lair:6
    Orc (2/2) D:11            Elf (3/3) Orc:2        Vaults (5/5) D:14
  Crypt (3/3) Vaults:2       Tomb (1/3) Crypt:3      Depths (5/5) D:15
    Zot (0/5) Depths:5

Altars:
Ashenzari
Cheibriados
Dithmenos
Elyvilon
Fedhas
Gozag
Hepliaklqana
Kikubaaqudgha
Makhleb
Nemelex Xobeh
Okawaru
Qazlal
Ru
Sif Muna
Trog
Uskayaw
Vehumet
Wu Jian
Xom
Yredelemnul
Zin
The Shining One
Jiyva
Lugonu

Shops:
D:6 =   Orc:2 !(?*   Elf:3 }}=   Snake:3 *:   Vaults:3 *

Portals:
Hell: Depths:1 Depths:2 Depths:3 Depths:4 Depths:5
Abyss: Depths:3 Depths:4
Pandemonium: Depths:3 Depths:4
Ziggurat: Depths:2
Trove: Depths:3 (give +4 shadow dragon scales)

Annotations:
D:15 1 exclusion
Snake:2 exclusion: shock serpent
Vaults:3 exclusion: deep troll


Innate Abilities, Weirdness & Mutations

You have a pair of large horns on your head.
You are mostly covered in yellow scales. (AC +3)
You frequently emit foul miasma when damaged in melee.
You resist negative energy. (rN+)
You are somewhat able to resist unholy torments (1 in 2 success).
When hurt, damage is shared between your health and your magic reserves.
You regenerate magic rapidly.
When low on magic, you restore magic in place of health.
You are immune to rotting.
You have large cloven feet.
You are agile. (Dex +2)
You passively map a small area around you.
You are robust. (+10% HP)


Message History

* * * LOW HITPOINT WARNING * * *
The death scarab draws strength from your injuries!
You emit a cloud of foul miasma!
The death scarab bites you.
* * * LOW HITPOINT WARNING * * *
The death scarab drains your vigour!
You feel as though you will be slow longer.
The death scarab completely misses you.
The death scarab bites you but does no damage. x2
The death scarab barely misses you. The death scarab completely misses you.
The death scarab bites you but does no damage. x2
The death scarab bites you.
* * * LOW HITPOINT WARNING * * *
The death scarab drains your vigour!
You feel as though you will be slow longer.
The death scarab bites you.
* * * LOW HITPOINT WARNING * * *
The death scarab drains your vigour!
You feel as though you will be slow longer.
The death scarab bites you!
You die...

......# ,#...#...# , *
.# ......# #...# M.#
#...# ......# ,,#...#
,..M, , ,#...# ,
......#*, #...# ,,...,
#..%# , ......# ,#..ยง#,
..,, ,#...#, ......#*
#..8############...####
......#*
,#.....s................
......#
#.8..sss.......8...8...
......#
#...ss@s...............
......# ,
##############.......##
......# , , ##'''''##*
......#* , , , #.......#
......# * , #.8...8.#
......# , , #.......#*
......#* , *#.......#
......# * #.8...8.#
......#* , , ,
*#.......#


You could see 7 death scarabs and a friendly spellforged servitor.

Vanquished Creatures
  3 ancient liches
  2 greater mummies
  Sojobo (Vaults:5)
  Bai Suzhen (Elf:3)
  Frederick (Vaults:5)
  Saint Roka (Elf:3)
  Xtahua (Vaults:2)
  Vashnia (Snake:3)
  A golden dragon (Depths:5)
  A profane servitor (Depths:5)
  A Hellbinder (WizLab)
  A bone dragon (Vaults:2)
  Jorgrun (Snake:3)
  A tentacled monstrosity (Vaults:5)
  Rupert (Lair:3)
  Asterion (Depths:2)
  2 deep elf master archers (Elf:3)
  7 titans
  5 liches
  2 deep elf blademasters (Elf:3)
  7 sphinxes
  5 tengu reavers
  Kirke (Lair:4)
  A revenant (Crypt:2)
  A shadow dragon (Depths:5)
  A storm dragon (Vaults:5)
  Donald (Snake:4)
  9 nagarajas
  A draconian knight (Depths:5)
  5 fire giants
  11 vault wardens
  2 iron dragons
  4 deep elf sorcerers
  8 frost giants
  A balrug (WizLab)
  2 cacodemons (WizLab)
  An imperial myrmidon (Desolation)
  A caustic shrike zombie (Depths:4)
  3 curse skulls
  A deep elf elementalist (Elf:3)
  5 war gargoyles
  A blood saint (WizLab)
  3 spriggan defenders
  3 ironheart preservers
  17 very ugly things
  6 deep elf annihilators
  11 stone giants
  6 deep elf demonologists
  5 lorocyprocas (WizLab)
  A large abomination (Elf:3)
  A green draconian (Depths:5)
  A minotaur (Gauntlet)
  A dire elephant (D:15)
  3 vampire knights
  A halazid warlock (Desolation)
  2 red draconians (Depths:5)
  2 white draconians (Depths:5)
  A green death (WizLab)
  9 deep elf death magi
  A purple draconian (Depths:5)
  11 ettins
  A blizzard demon (WizLab)
  3 eidola (Crypt:2)
  2 merfolk javelineers
  6 mummy priests (Tomb:1)
  6 jiangshi
  2 pearl dragon zombies (Depths:5)
  7 merfolk impalers
  3 great orbs of eyes
  3 crystal guardians (Desolation)
  6 fire dragons
  3 deep elf high priests
  7 ragged hierophants (Desolation)
  13 yaktaur captains
  Harold (D:7)
  9 naga warriors
  24 vault guards
  A hell beast (WizLab)
  A spriggan air mage (Depths:5)
  8 ice dragons
  A catoblepas (Lair:5)
  An alligator snapping turtle (Shoals:3)
  5 merfolk aquamancers
  5 peacekeepers
  4 anacondas
  3 servants of whispers (Desolation)
  5 hydras
  3 rakshasas
  5 merfolk avatars
  14 ogre magi
  A death knight (Depths:5)
  42 two-headed ogres
  8 centaur warriors
  A queen ant (Gauntlet)
  2 titan zombies
  5 tengu warriors
  3 death yaks (Lair:3)
  3 deep troll earth magi
  21 dancing weapons
  6 deep troll shamans
  2 satyrs
  5 vampire magi
  2 hell hogs (Depths:5)
  6 death scarabs (Tomb:1)
  A sun demon (WizLab)
  14 naga sharpshooters
  3 shock serpents
  A spriggan berserker (Depths:2)
  12 hell knights
  10 deep elf knights
  A small abomination (Elf:3)
  A soul eater (WizLab)
  An iron troll (Depths:3)
  A storm dragon zombie (Depths:4)
  A fire crab (Gauntlet)
  A titan skeleton (Crypt:3)
  3 unseen horrors
  A shadow wraith (Crypt:2)
  24 skeletal warriors
  6 sea snakes
  2 shadow demons
  2 golden dragon zombies (Depths:4)
  8 naga ritualists
  3 glowing orange brains
  2 flayed ghosts
  A spriggan druid (Depths:1)
  13 deep elf archers
  A swamp dragon (shapeshifter) (D:14)
  An orange crystal statue (Depths:3)
  9 deep trolls
  4 wizards
  Pikel (D:8)
  18 ironbrand convokers
  6 phantasmal warriors
  A harpy (shapeshifter) (Vaults:1)
  2 anaconda skeletons (Crypt:3)
  12 harpies
  A shadow dragon zombie (Depths:4)
  6 mana vipers
  4 necromancers
  9 orc knights
  9 salamanders
  25 ugly things
  4 orc sorcerers
  9 cyclopes
  4 iron dragon zombies
  3 fauns (Shoals:3)
  55 deep elf magi
  6 oklob plants
  3 frost giant zombies
  13 manticores
  11 elephants
  A manticore (shapeshifter) (Vaults:5)
  A salamander (shapeshifter) (Vaults:4)
  5 wolf spiders
  A shadow dragon skeleton (Crypt:3)
  A frost giant skeleton (Tomb:1)
  5 centaur zombies
  2 fire giant skeletons (Crypt:3)
  3 smoke demons
  3 apis skeletons (Depths:5)
  3 rust devils
  Joseph (D:7)
  Maurice (D:12)
  2 guardian serpents (Snake:2)
  2 torpor snails
  3 vault sentinels
  18 black mambas
  11 merfolk sirens
  3 orange demons (WizLab)
  18 naga magi
  5 gargoyles
  A guardian serpent (shapeshifter) (D:15)
  A dire elephant skeleton (Crypt:3)
  31 spiny frogs
  A rime drake (Lair:3)
  A spiny frog (shapeshifter) (Vaults:3)
  5 centaur skeletons
  2 ice devils (WizLab)
  52 yaktaurs
  6 freezing wraiths
  9 guardian mummies
  6 komodo dragons
  27 merfolk
  2 hellwings (WizLab)
  10 trolls
  A black draconian skeleton (Crypt:2)
  A queen bee (shapeshifter) (D:15)
  4 red devils (Crypt:3)
  5 tengu conjurers
  A queen bee (Orc:1)
  8 wind drakes
  Grinder (D:4)
  A sphinx simulacrum (Vaults:2)
  A polar bear (shapeshifter) (Depths:3)
  A meliai (shapeshifter) (Elf:1)
  3 tyrant leeches (Lair:6)
  4 hornets
  A tengu simulacrum (Vaults:2)
  25 slime creatures
  2 polar bears
  27 saltlings
  6 dream sheep (Shoals:3)
  A tarantella zombie (Crypt:1)
  18 blink frogs
  A hippogriff (shapeshifter) (D:13)
  4 snapping turtles
  14 hippogriffs
  An elf zombie (Depths:4)
  A human simulacrum (Vaults:3)
  5 flying skulls (Crypt:2)
  A frost giant simulacrum (Vaults:3)
  An ettin skeleton (Crypt:1)
  A vampire (D:10)
  3 shadows
  Sigmund (D:2)
  A guardian serpent skeleton (Crypt:1)
  A fire dragon skeleton (Crypt:3)
  A wyvern (Lair:3)
  3 redbacks
  4 spriggans
  A ynoxinul (Depths:4)
  A spriggan (shapeshifter) (Vaults:3)
  7 wraiths
  42 yaks
  A hog (Lair:4)
  12 water elementals
  Eustachio (D:6)
  2 humans (shapeshifter)
  3 humans (Lair:4)
  A wyvern (shapeshifter) (D:13)
  A black mamba skeleton (Crypt:3)
  6 fire bats (Gauntlet)
  A steam dragon (Lair:3)
  8 vampire mosquitoes
  2 fire elementals
  Grum (D:8)
  4 chaos spawn (WizLab)
  4 basilisks
  6 hungry ghosts
  6 soldier ants
  A soldier ant (shapeshifter) (Depths:5)
  3 wargs
  3 acid dragons
  43 nagas
  7 hydra simulacra (Depths:2)
  17 water moccasins
  5 porcupines
  A floating eye (Depths:4)
  2 hell hounds (Gauntlet)
  34 orc warriors
  An ice beast (D:9)
  2 sky beasts (D:15)
  2 slaves (D:8)
  5 black bears
  A swamp dragon zombie (Crypt:1)
  A black bear (shapeshifter) (Depths:1)
  An eye of draining (D:13)
  3 boggarts (Vaults:1)
  55 ogres
  A tengu (shapeshifter) (D:14)
  4 phantoms
  2 lindwurm skeletons (Crypt:2)
  11 wolves
  9 centaurs
  A snapping turtle skeleton (Crypt:2)
  5 crocodiles
  37 bullfrogs
  2 big kobolds
  2 earth elementals
  A deep troll simulacrum (Vaults:1)
  A hornet simulacrum (D:15)
  5 scorpions
  A troll zombie (Crypt:2)
  35 killer bees
  7 wights
  8 electric eels
  12 howler monkeys
  9 crimson imps
  A demonspawn zombie (Crypt:1)
  10 hounds
  3 jellies
  A jelly (shapeshifter) (Depths:5)
  20 orc wizards
  4 bullfrog skeletons
  21 orc priests
  Jessica (D:2)
  Natasha (thrice) (D:2)
  A black bear skeleton (Crypt:1)
  Ijyb (D:3)
  Terence (D:3)
  6 iguanas
  11 worker ants
  A naga zombie (Crypt:2)
  A tengu zombie (Crypt:3)
  A hound skeleton (D:5)
  12 mummies
  A howler monkey zombie (D:9)
  3 gnolls (D:3)
  A river rat (D:4)
  15 adders
  2 shadow imps
  2 oozes
  2 adder skeletons (D:8)
  2 worms
  A barachi skeleton (Crypt:1)
  2 dart slugs
  5 leopard geckos
  117 orcs
  A ball python (D:4)
  4 giant cockroaches
  5 goblins
  8 hobgoblins
  16 jackals
  20 kobolds
  7 quokkas
  4 bats
  5 frilled lizards
  A jackal skeleton (D:9)
  7 rats
  4 plants
  3 tentacles (Shoals:1)
1964 creatures vanquished.

Vanquished Creatures (collateral kills)
  A juggernaut (Depths:2)
  2 bone dragons
  2 tentacled monstrosities (Vaults:5)
  A titan (Vaults:5)
  2 deep elf master archers (Elf:3)
  A kraken (Shoals:1)
  A sphinx (Tomb:1)
  A storm dragon (Vaults:5)
  Ilsuiw (Shoals:2)
  A revenant (Crypt:1)
  3 shadow dragons (Vaults:5)
  3 fire giants
  An imperial myrmidon (Desolation)
  4 vault wardens
  A draconian scorcher (Depths:5)
  Aizul (Snake:3)
  A frost giant (Depths:2)
  2 deep elf sorcerers (Elf:3)
  An iron dragon (Vaults:5)
  7 ironheart preservers
  6 very ugly things
  3 deep elf elementalists (Elf:3)
  8 stone giants
  2 entropy weavers
  A vampire knight (Crypt:1)
  A juggernaut skeleton (Crypt:2)
  A deep elf demonologist (Vaults:5)
  A purple draconian (Depths:5)
  3 deep elf annihilators (Elf:3)
  An eidolon (Crypt:1)
  4 jiangshi (Crypt:1)
  2 deep elf death magi
  2 merfolk impalers (Shoals:4)
  An ettin (Depths:1)
  5 deep elf high priests
  2 yaktaur captains
  2 great orbs of eyes (Vaults:1)
  An anaconda (Snake:3)
  9 vault guards
  A spriggan air mage (Depths:4)
  A merfolk avatar (Shoals:4)
  2 peacekeepers (Desolation)
  5 naga warriors
  10 two-headed ogres
  2 centaur warriors
  A tengu warrior (Depths:1)
  A death knight (Crypt:1)
  A death scarab (Tomb:1)
  7 dancing weapons
  2 merfolk aquamancers
  A hell hog (Depths:5)
  2 ogre magi
  7 naga sharpshooters
  2 shock serpents (Snake:3)
  A spriggan (Depths:5)
  7 hell knights
  A salamander mystic (Snake:3)
  3 deep elf knights
  2 deep trolls
  An infernal demonspawn (Depths:4)
  An iron giant zombie (Crypt:1)
  A sea snake (Shoals:4)
  A tengu zombie (Depths:4)
  A phantasmal warrior (Vaults:5)
  A deep elf archer (Elf:1)
  8 orc knights
  3 harpies
  3 ironbrand convokers
  An orc sorcerer (Vaults:4)
  9 deep elf magi
  5 fauns (Shoals:3)
  8 ugly things
  A cyclops (Vaults:1)
  5 manticores
  4 black mambas
  An iron dragon skeleton (Crypt:3)
  A merfolk siren (Shoals:3)
  An apis skeleton (Depths:5)
  A water nymph (Shoals:4)
  A frost giant skeleton (Depths:4)
  2 rust devils
  3 vault sentinels
  3 smoke demons
  2 naga magi
  6 yaktaurs
  2 hellwings (WizLab)
  An ice devil (WizLab)
  A catoblepas skeleton (Crypt:3)
  A freezing wraith (Vaults:5)
  2 guardian mummies (Tomb:1)
  A yellow draconian skeleton (Crypt:1)
  2 trolls (Vaults:1)
  A jumping spider (shapeshifter) (Depths:4)
  A hornet (Depths:5)
  7 merfolk
  15 saltlings (Desolation)
  3 snapping turtles
  3 wind drakes (Shoals:4)
  2 slime creatures
  A dream sheep (Shoals:3)
  A fire dragon zombie (Crypt:1)
  2 water elementals (Shoals:3)
  A human (shapeshifter) (Vaults:5)
  A fire bat (shapeshifter) (Vaults:5)
  A redback (Vaults:4)
  A warg (shapeshifter) (Vaults:5)
  2 wargs
  An acid dragon (Vaults:1)
  A hydra simulacrum (Crypt:1)
  3 nagas
  An ice beast (D:10)
  6 orc warriors
  A black bear (Depths:1)
  4 ogres
  A snapping turtle skeleton (Crypt:3)
  A wyvern zombie (Crypt:2)
  A quasit (D:9)
  2 orc wizards
  An orc priest (Vaults:4)
  2 mummies
  5 orcs
  A crawling corpse (Elf:3)
  A plant (Shoals:3)
  2 tentacles (Shoals:1)
311 creatures vanquished.

Vanquished Creatures (others)
  A rust devil (WizLab)
  A hungry ghost (D:8)
  A basilisk (D:15)
  A slave (D:8)
  An ogre (Vaults:4)
  An orc wizard (Orc:2)
  A worker ant (D:8)
  2 jackals (D:8)
  A leopard gecko skeleton (D:8)
  2 bushes (Lair:6)
  34 fungi
  66 plants
  7 tentacles (Shoals:1)
119 creatures vanquished.

Grand Total: 2394 creatures vanquished

Notes
Turn   | Place    | Note
-------+----------+-------------------------------------------
     0 | D:1      | doot the Demonspawn Venom Mage began the quest for the Orb.
     0 | D:1      | Reached XP level 1. HP: 13/13 MP: 3/3
   814 | D:2      | Noticed Sigmund
   847 | D:2      | Gained mutation: When hurt, damage is shared between your
                  | health and your magic reserves. [demonic ancestry]
   847 | D:2      | Reached XP level 2. HP: 19/19 MP: 0/5
   870 | D:2      | Learned a level 2 spell: Poisonous Vapours
   974 | D:3      | You fall through a shaft!
  1208 | D:4      | Found a shimmering altar of Xom.
  1210 | D:4      | Found a shimmering altar of Xom.
  1232 | D:4      | Found a shimmering altar of Xom.
  1232 | D:4      | Found a shimmering altar of Xom.
  1232 | D:4      | Found a shimmering altar of Xom.
  1232 | D:4      | Found a shimmering altar of Xom.
  1244 | D:4      | Found a shimmering altar of Xom.
  1244 | D:4      | Found a shimmering altar of Xom.
  1244 | D:4      | Found a shimmering altar of Xom.
  1255 | D:4      | Gained mutation: You regenerate magic rapidly. [demonic
                  | ancestry]
  1255 | D:4      | Reached XP level 3. HP: 24/24 MP: 3/6
  1270 | D:4      | Noticed Grinder
  1270 | D:4      | Noticed a bullfrog
  1298 | D:4      | Noticed a scorpion
  1306 | D:4      | Killed a scorpion
  1306 | D:4      | Reached XP level 4. HP: 30/30 MP: 5/8
  1312 | D:4      | Learned a level 4 spell: Olgreb's Toxic Radiance
  1356 | D:5      | Entered Level 5 of the Dungeon
  1606 | D:5      | Reached skill level 1 in Air Magic
  1769 | D:5      | Found a bloodstained altar of Trog.
  1798 | D:5      | Noticed a black bear
  1835 | D:5      | Gained mutation: When low on magic, you restore magic in
                  | place of health. [demonic ancestry]
  1835 | D:5      | Reached XP level 5. HP: 25/35 MP: 2/9
  1841 | D:5      | Killed a black bear
  1934 | D:6      | Gained mutation: You are partially covered in yellow
                  | scales. (AC +2) [demonic ancestry]
  1934 | D:6      | Reached XP level 6. HP: 14/42 MP: 2/11
  2287 | D:4      | Learned a level 3 spell: Mephitic Cloud
  2699 | D:3      | Noticed Ijyb
  2718 | D:3      | Noticed Terence
  2730 | D:3      | Killed Ijyb
  2763 | D:3      | Killed Terence
  2763 | D:3      | Reached skill level 5 in Poison Magic
  3390 | D:2      | Noticed Natasha
  3668 | D:2      | Killed Natasha
  3703 | D:2      | Found an iron altar of Okawaru.
  3716 | D:2      | Killed Sigmund
  3716 | D:2      | Reached XP level 7. HP: 43/47 MP: 5/14
  3739 | D:2      | Learned a level 5 spell: Venom Bolt
  3814 | D:2      | Noticed Natasha
  3831 | D:2      | Killed Natasha
  3831 | D:2      | Reached skill level 1 in Fighting
  3872 | D:2      | Reached skill level 1 in Short Blades
  3987 | D:2      | Noticed Jessica
  3995 | D:2      | Killed Jessica
  4062 | D:2      | Noticed Natasha
  4069 | D:2      | Killed Natasha
  4468 | D:5      | Found a staircase to the Ecumenical Temple.
  4476 | Temple   | Entered the Ecumenical Temple
  4598 | Temple   | Became a worshipper of Vehumet
  4953 | D:5      | Found a hide-covered altar of Uskayaw.
  5313 | D:6      | Noticed a two-headed ogre
  5521 | D:6      | Killed a two-headed ogre
  5521 | D:6      | Reached skill level 5 in Spellcasting
  5521 | D:6      | Gained mutation: You are immune to rotting. [demonic
                  | ancestry]
  5521 | D:6      | Reached XP level 8. HP: 54/54 MP: 8/16
  5567 | D:6      | Found a sacrificial altar of Ru.
  5669 | D:6      | Reached skill level 2 in Conjurations
  5706 | D:6      | Found Icsug's Jewellery Emporium.
  5742 | D:6      | Learned a level 3 spell: Regeneration
  5812 | D:6      | Reached * piety under Vehumet
  5812 | D:6      | Offered knowledge of Shock by Vehumet.
  5830 | D:6      | Gained mutation: You have a pair of small horns on your
                  | head. [demonic ancestry]
  5830 | D:6      | Reached XP level 9. HP: 54/61 MP: 18/18
  6037 | D:6      | Noticed Eustachio
  6050 | D:6      | Killed Eustachio
  6833 | D:7      | Noticed Joseph
  6855 | D:7      | Killed Joseph
  7176 | D:7      | Noticed Harold
  7194 | D:7      | Killed Harold
  7485 | D:8      | Noticed Grum
  7496 | D:8      | Killed Grum
  7504 | D:8      | Reached XP level 10. HP: 45/68 MP: 12/21
  7539 | D:8      | Found a blossoming altar of Fedhas.
  7591 | D:8      | Noticed Pikel
  7615 | D:8      | Killed Pikel
  7615 | D:8      | Reached skill level 5 in Stealth
  7764 | D:8      | Reached ** piety under Vehumet
  7785 | D:8      | Reached skill level 1 in Armour
  7837 | D:8      | Noticed a two-headed ogre
  7885 | D:8      | Killed a two-headed ogre
  7963 | D:8      | Found an iron altar of Okawaru.
  7997 | D:8      | Offered knowledge of Throw Frost by Vehumet.
  8052 | D:8      | Reached skill level 3 in Conjurations
  8239 | D:8      | Learned a level 3 spell: Call Canine Familiar
  8532 | D:9      | Found a stormy altar of Qazlal.
  8760 | D:9      | Reached skill level 1 in Summonings
  8878 | D:9      | Offered knowledge of Searing Ray by Vehumet.
  9241 | D:9      | Reached *** piety under Vehumet
  9247 | D:9      | Found a hazy altar of Hepliaklqana.
  9417 | D:10     | Entered Level 10 of the Dungeon
  9577 | D:10     | Reached XP level 11. HP: 64/75 MP: 16/23
  9923 | D:10     | Found a staircase to the Lair.
  9925 | D:10     | Reached skill level 10 in Poison Magic
  9942 | D:10     | Offered knowledge of Force Lance by Vehumet.
 10038 | D:10     | Killed an unseen horror
 10463 | D:4      | Killed Grinder
 10971 | D:11     | Found a bloodstained altar of Trog.
 11301 | D:10     | Noticed a two-headed ogre
 11313 | D:10     | Killed a two-headed ogre
 11433 | D:11     | Reached **** piety under Vehumet
 11455 | D:11     | Reached skill level 5 in Short Blades
 11537 | D:11     | Offered knowledge of Bolt of Draining by Vehumet.
 11548 | D:11     | Learned a level 5 spell: Bolt of Draining
 11554 | D:11     | Found a staircase to the Orcish Mines.
 12596 | D:11     | Reached ***** piety under Vehumet
 12888 | D:11     | Offered knowledge of Bolt of Magma by Vehumet.
 13376 | Orc:1    | Entered Level 1 of the Orcish Mines
 13401 | Orc:1    | Noticed an orc knight
 13409 | Orc:1    | Reached skill level 4 in Conjurations
 13638 | D:12     | Gained mutation: You may emit foul miasma when damaged in
                  | melee. [demonic ancestry]
 13638 | D:12     | Reached XP level 12. HP: 76/83 MP: 6/25
 13702 | D:12     | Reached skill level 10 in Spellcasting
 13787 | D:12     | You fall through a shaft for 2 floors!
 13803 | D:15     | Entered Level 15 of the Dungeon
 13902 | D:15     | Paralysed by a wizard for 3 turns
 14330 | D:14     | Found a gate to the Vaults.
 14406 | D:14     | Learned a level 5 spell: Bolt of Magma
 14759 | D:14     | Noticed a centaur warrior
 14764 | D:14     | Killed a centaur warrior
 14764 | D:14     | Reached skill level 1 in Necromancy
 14803 | D:13     | Reached skill level 5 in Armour
 15187 | D:12     | Offered knowledge of Ozocubu's Refrigeration by Vehumet.
 15239 | D:12     | Noticed Maurice
 15246 | D:12     | Killed Maurice
 16036 | Orc:1    | Reached skill level 5 in Conjurations
 16467 | Orc:2    | Entered Level 2 of the Orcish Mines
 16478 | Orc:2    | Reached XP level 13. HP: 81/90 MP: 15/27
 16611 | Orc:2    | Found a gate leading to a gauntlet.
 16631 | Gauntlet | Entered a Gauntlet
 16631 | Gauntlet | Found a transporter.
 16631 | Gauntlet | Found a transporter.
 16634 | Gauntlet | Found a transporter.
 16634 | Gauntlet | Found a transporter.
 16638 | Gauntlet | Found a transporter.
 16638 | Gauntlet | Found a transporter.
 16665 | Gauntlet | Found a transporter.
 16668 | Gauntlet | Found a transporter.
 16679 | Gauntlet | Found a transporter.
 16692 | Gauntlet | Found a transporter.
 16706 | Gauntlet | Found a transporter.
 16710 | Gauntlet | Found a transporter.
 16803 | Gauntlet | Offered knowledge of Iskenderun's Battlesphere by Vehumet.
 17095 | Gauntlet | Reached skill level 5 in Dodging
 17110 | Gauntlet | Got a brightly glowing copper amulet
 17116 | Gauntlet | Identified the amulet "Pomuny" {Harm *Drain Int+4} (You
                  | found it in a Gauntlet)
 17272 | Gauntlet | Noticed a minotaur
 17278 | Gauntlet | Killed a minotaur
 17299 | Gauntlet | Got a translucent chain mail
 17300 | Gauntlet | Identified the +0 chain mail of the Armoured One {rC+} (You
                  | found it in a Gauntlet)
 17305 | Gauntlet | Identified a scroll of acquirement
 17647 | Orc:1    | Reached skill level 1 in Evocations
 17710 | Orc:1    | Reached skill level 6 in Conjurations
 18021 | Orc:2    | Found Kukaapez's Magic Scroll Shop.
 18023 | Orc:2    | Found Sexinij's Distillery.
 18023 | Orc:2    | Found Turen's Antique Weapon Shop.
 18023 | Orc:2    | Found Goax's General Store.
 18175 | Orc:2    | Found a staircase to the Elven Halls.
 18362 | Orc:2    | Learned a level 5 spell: Iskenderun's Battlesphere
 18433 | Lair:1   | Entered Level 1 of the Lair of Beasts
 18933 | Lair:1   | Reached skill level 5 in Fighting
 18933 | Lair:1   | Gained mutation: You have a pair of horns on your head.
                  | [demonic ancestry]
 18933 | Lair:1   | Reached XP level 14. HP: 98/98 MP: 30/30
 19672 | Lair:2   | Found a white marble altar of Elyvilon.
 19819 | Lair:2   | Reached skill level 7 in Conjurations
 20194 | Lair:2   | Found a staircase to the Shoals.
 20505 | Lair:2   | Reached skill level 1 in Fire Magic
 20828 | Lair:3   | Noticed Rupert
 21262 | Lair:2   | Reached skill level 1 in Earth Magic
 21482 | Lair:3   | Offered knowledge of Orb of Destruction by Vehumet.
 21677 | Lair:3   | Identified the cursed +2 quarterstaff "Sirreu" {venom, +Inv
                  | rF+++ rC- Int-4} (You found it on level 3 of the Lair of
                  | Beasts)
 22024 | Lair:3   | Killed Rupert
 22787 | Lair:4   | Found a staircase to the Snake Pit.
 22913 | Lair:4   | Noticed Kirke
 22927 | Lair:4   | Killed Kirke
 23012 | Lair:4   | Reached skill level 8 in Conjurations
 24864 | Lair:6   | Entered Level 6 of the Lair of Beasts
 24917 | Lair:6   | Reached skill level 1 in Charms
 25208 | Lair:6   | Reached XP level 15. HP: 37/103 MP: 14/32
 25504 | Lair:6   | Learned a level 7 spell: Orb of Destruction
 25617 | Lair:6   | Reached skill level 9 in Conjurations
 26640 | Lair:6   | Got a slimy steel ring
 26642 | Lair:6   | Identified the ring of Foixism {Fire Str+3 Int+6 Slay-5
                  | Stlth+} (You found it on level 6 of the Lair of Beasts)
 26769 | Lair:6   | Offered knowledge of Spellforged Servitor by Vehumet.
 26815 | Lair:6   | Found a viscous altar of Jiyva.
 26815 | Lair:6   | Found a staircase to the Slime Pits.
 27479 | D:13     | Identified the +0 buckler "Yweilaul" {rC+ Dex+4} (You found
                  | it on level 13 of the Dungeon)
 27632 | D:13     | Reached skill level 10 in Conjurations
 29633 | D:15     | Found a staircase to the Depths.
 30013 | Orc:2    | Bought a scroll of enchant armour for 105 gold pieces
 30015 | Orc:2    | Bought a scroll of teleportation for 42 gold pieces
 30016 | Orc:2    | Bought a potion of magic for 96 gold pieces
 30016 | Orc:2    | Bought a potion of might for 48 gold pieces
 30016 | Orc:2    | Bought a potion of lignification for 36 gold pieces
 30016 | Orc:2    | Bought 2 potions of invisibility for 192 gold pieces
 30016 | Orc:2    | Bought a potion of lignification for 36 gold pieces
 30196 | D:6      | Bought an uncursed ring of flight for 245 gold pieces
 30754 | Snake:1  | Entered Level 1 of the Snake Pit
 31205 | Snake:1  | Reached skill level 11 in Conjurations
 31412 | Snake:2  | Learned a level 7 spell: Spellforged Servitor
 31971 | Snake:2  | Noticed a nagaraja
 31986 | Snake:2  | Killed a nagaraja
 32094 | Snake:2  | Reached XP level 16. HP: 81/109 MP: 11/34
 32717 | Snake:3  | Noticed Aizul
 32846 | Shoals:1 | Entered Level 1 of the Shoals
 32876 | Shoals:1 | Found a flickering gateway to a bazaar.
 32888 | Bazaar   | Entered a bazaar
 32888 | Bazaar   | Found Sepli's Weapon Shop.
 32888 | Bazaar   | Found Ojuezocu's Armour Shop.
 32888 | Bazaar   | Found Ryonoogg's Antique Weapon Boutique.
 33060 | Shoals:1 | Reached ****** piety under Vehumet
 33170 | Shoals:1 | Noticed a kraken
 33251 | Shoals:1 | Killed a kraken
 33456 | Shoals:1 | Found a glowing silver altar of Zin.
 33656 | Shoals:2 | Noticed Ilsuiw
 33660 | Shoals:2 | Killed Ilsuiw
 33661 | Shoals:2 | Reached skill level 12 in Conjurations
 33763 | Shoals:2 | You fall through a shaft!
 34600 | Shoals:3 | Offered knowledge of Conjure Ball Lightning by Vehumet.
 35136 | Shoals:4 | Entered Level 4 of the Shoals
 35141 | Shoals:4 | Reached skill level 5 in Earth Magic
 35287 | Shoals:4 | Identified the Catalogue of Enthralling Combat Magic
 35379 | Shoals:4 | Reached skill level 15 in Spellcasting
 35478 | Shoals:4 | Identified the Compendium of Fanaticism
 35963 | Shoals:4 | Reached XP level 17. HP: 110/115 MP: 11/36
 36045 | Shoals:3 | Reached skill level 13 in Conjurations
 36346 | Shoals:4 | Got a sapphire-studded ring mail
 36357 | Shoals:4 | Identified the +6 ring mail of the Country {rF++} (You
                  | found it on level 4 of the Shoals)
 36385 | Shoals:4 | Offered knowledge of Freezing Cloud by Vehumet.
 36666 | Shoals:4 | Got a barnacled rune of Zot
 36874 | Elf:1    | Entered Level 1 of the Elven Halls
 37379 | Elf:1    | Found a ruined gateway.
 37386 | Desolati | Entered the Desolation of Salt
 37528 | Desolati | Offered knowledge of Lehudib's Crystal Spear by Vehumet.
 37528 | Desolati | Offered knowledge of Glaciate by Vehumet.
 37528 | Desolati | Offered knowledge of Tornado by Vehumet.
 37984 | Desolati | Reached skill level 5 in Fire Magic
 38034 | Desolati | Got a crude bone amulet
 38039 | Desolati | Identified the amulet "Ylikhyir" {Gourm +Inv MR+} (You
                  | found it in the Desolation of Salt)
 38184 | Desolati | Got a fine silver amulet
 38190 | Desolati | Identified the Disquisition on Lucky Weightlessness
 38253 | Desolati | Reached skill level 14 in Conjurations
 38509 | Desolati | Found the +8 arc blade {discharge, rElec}
 38530 | Desolati | Got a coiled bone amulet
 38537 | Desolati | Got a bound turquoise ring
 38539 | Desolati | Identified the ring of Ipaitwef {Ice *Slow +Blink +Inv
                  | rElec} (You found it in the Desolation of Salt)
 38545 | Desolati | Got an encrusted chain mail
 38556 | Desolati | Identified the +1 chain mail "Puwaha Dera" {Regen+ SInv}
                  | (You found it in the Desolation of Salt)
 38817 | Elf:1    | Gained mutation: You have a pair of large horns on your
                  | head. [demonic ancestry]
 38817 | Elf:1    | Reached XP level 18. HP: 121/121 MP: 13/38
 39244 | Elf:1    | You fall through a shaft!
 39262 | Elf:2    | Reached skill level 15 in Poison Magic
 39355 | Elf:2    | Found a runed translucent gate.
 39355 | Elf:2    | Found a runed translucent gate.
 39355 | Elf:2    | Found a runed translucent gate.
 39794 | Elf:2    | Found a radiant altar of Vehumet.
 40112 | Elf:1    | Identified the amulet of Hang {rElec Regen+} (You found it
                  | in the Desolation of Salt)
 40114 | Elf:1    | Identified the amulet of Wihamir {Harm *Drain rPois} (You
                  | found it in the Desolation of Salt)
 40180 | Elf:1    | Identified the Papyrus of Combat Magic
 40865 | Elf:3    | Entered Level 3 of the Elven Halls
 40888 | Elf:3    | Reached skill level 15 in Conjurations
 41046 | Elf:3    | Noticed Bai Suzhen
 41177 | Elf:3    | Found Alirph's Jewellery Shoppe.
 41177 | Elf:3    | Found Qaynin's Gadget Boutique.
 41178 | Elf:3    | Found Rafait's Gadget Boutique.
 41380 | Elf:3    | Killed Bai Suzhen
 41998 | Elf:3    | Reached skill level 5 in Charms
 41998 | Elf:3    | Reached skill level 5 in Necromancy
 42137 | Elf:3    | Identified the cursed +2 whip of Sequestration {drain,
                  | *Slow +Fly rElec rPois}
 42138 | Elf:3    | Noticed Saint Roka
 42144 | Elf:3    | Gained mutation: You frequently emit foul miasma when
                  | damaged in melee. [demonic ancestry]
 42144 | Elf:3    | Reached XP level 19. HP: 109/127 MP: 10/39
 42431 | Elf:3    | Killed Saint Roka
 42488 | Elf:3    | Reached skill level 16 in Conjurations
 42631 | Elf:3    | Identified the +0 shield of Ylliungo {rC++ Dex+4}
 43117 | Elf:3    | Got an ichor-stained chain mail
 43130 | Elf:3    | Identified the +4 chain mail "Zuent" {Int-4 Dex+3} (You
                  | found it on level 3 of the Elven Halls)
 43706 | Vaults:1 | Entered Level 1 of the Vaults
 44248 | Vaults:1 | Reached skill level 5 in Summonings
 45477 | Vaults:2 | Reached skill level 17 in Conjurations
 46019 | Vaults:2 | Noticed Xtahua
 46023 | Vaults:2 | Noticed a bone dragon
 46030 | Vaults:2 | Killed Xtahua
 46047 | Vaults:2 | Killed a bone dragon
 46091 | Vaults:2 | Found a staircase to the Crypt.
 46491 | Vaults:2 | Reached XP level 20. HP: 133/133 MP: 20/41
 46526 | Vaults:2 | Learned a level 8 spell: Lehudib's Crystal Spear
 47383 | Vaults:3 | Found Odyuneto's General Store.
 47401 | Vaults:3 | Bought a potion of heal wounds for 65 gold pieces
 47401 | Vaults:3 | Bought a scroll of blinking for 97 gold pieces
 48495 | Vaults:4 | Reached skill level 18 in Conjurations
 49806 | Vaults:4 | Learned a level 9 spell: Glaciate
 50024 | Vaults:5 | Entered Level 5 of the Vaults
 50652 | Shoals:4 | Reached skill level 1 in Ice Magic
 51191 | Elf:3    | Bought the ring "Waxif" {+Fly rPois rC+} for 428 gold
                  | pieces
 51547 | Snake:3  | Identified the +3 long sword "Beblaz" {speed, Dex+2} (You
                  | found it on level 3 of the Snake Pit)
 51594 | Snake:3  | Killed Aizul
 51866 | Snake:3  | Found Fol Vogee's Book Shop.
 51866 | Snake:3  | Found Vara's Assorted Antiques.
 51881 | Snake:3  | Bought a scroll of teleportation for 90 gold pieces
 51881 | Snake:3  | Bought a scroll of fear for 105 gold pieces
 51885 | Snake:3  | Found the +2 cloak of the Thief {+Fog Slay-2 SInv Stlth+}
 52220 | Snake:3  | Reached XP level 21. HP: 105/139 MP: 10/43
 52295 | Snake:3  | Noticed Vashnia
 52311 | Snake:3  | Killed Vashnia
 52522 | Snake:3  | Noticed Jorgrun
 52532 | Snake:3  | Killed Jorgrun
 52687 | Snake:4  | Entered Level 4 of the Snake Pit
 52714 | Snake:4  | Noticed Donald
 52723 | Snake:4  | Killed Donald
 52975 | Snake:4  | Reached skill level 19 in Conjurations
 54080 | Snake:4  | Got a serpentine rune of Zot
 55131 | Depths:1 | Entered Level 1 of the Depths
 55965 | Vaults:5 | Noticed Frederick
 56943 | Vaults:5 | Reached skill level 5 in Ice Magic
 57294 | Vaults:5 | Killed Frederick
 57301 | Vaults:5 | Noticed an ancient lich
 57306 | Vaults:5 | Killed an ancient lich
 57306 | Vaults:5 | Gained mutation: You are mostly covered in yellow scales.
                  | (AC +3) [demonic ancestry]
 57306 | Vaults:5 | Reached XP level 22. HP: 79/147 MP: 18/45
 57481 | Vaults:5 | Identified the ring of Brawling {rF+ Stlth+}
 57653 | Vaults:5 | Reached skill level 20 in Conjurations
 57727 | Vaults:5 | Identified the +7 glaive of Responsibility {elec, rF++ rN+
                  | Str+2 SInv}
 57727 | Vaults:5 | Identified the amulet of Darghaosy {RegenMP rF+ rC- Int-3
                  | Dex+5}
 58136 | Vaults:5 | Got a silver rune of Zot
 58164 | Vaults:5 | Got a pair of ichor-stained gloves
 58170 | Vaults:5 | Identified the +1 pair of gloves of the Ward {rPois rN+
                  | Int-5 Dex+8} (You found it on level 5 of the Vaults)
 58984 | Vaults:5 | Noticed a golden dragon
 59018 | Vaults:5 | Noticed an ancient lich
 59025 | Vaults:5 | Killed an ancient lich
 59029 | Vaults:5 | Noticed Sojobo
 59268 | Vaults:5 | Killed Sojobo
 59743 | Vaults:5 | Identified Atsoget's Incunabulum of Fetching Calling
 59881 | Vaults:5 | Learned a level 5 spell: Dispel Undead
 60012 | Crypt:1  | Entered Level 1 of the Crypt
 60084 | Crypt:1  | Reached XP level 23. HP: 139/152 MP: 43/46
 60331 | Crypt:1  | Paralysed by a vampire knight for 4 turns
 60339 | Crypt:1  | Paralysed by a vampire knight for 5 turns
 61397 | Crypt:2  | Gained mutation: You are agile. (Dex +2) [potion of
                  | mutation]
 61397 | Crypt:2  | Gained mutation: You are robust. (+10% HP) [potion of
                  | mutation]
 61397 | Crypt:2  | Gained mutation: You passively map a small area around you.
                  | [potion of mutation]
 61397 | Crypt:2  | Gained mutation: You have large cloven feet. [potion of
                  | mutation]
 61808 | Crypt:3  | Entered Level 3 of the Crypt
 62382 | Crypt:3  | Paralysed by a sphinx for 5 turns
 62603 | Crypt:3  | Found a staircase to the Tomb.
 62656 | Crypt:3  | Reached skill level 21 in Conjurations
 62791 | Crypt:3  | Got a coiled amber ring
 62792 | Crypt:3  | Identified the ring of Wuff {rC+ rN+ Str+6} (You found it
                  | on level 3 of the Crypt)
 62829 | Crypt:3  | Reached skill level 10 in Necromancy
 63346 | Crypt:3  | Found an ancient bone altar of Kikubaaqudgha.
 63450 | Crypt:3  | Identified the ring of Acytaen {rN+ Str+3 Int-3} (You found
                  | it on level 3 of the Crypt)
 63462 | Crypt:3  | Noticed an ancient lich
 63472 | Crypt:3  | Killed an ancient lich
 64461 | Depths:1 | Found a gateway to Hell.
 64950 | Depths:2 | Found a gateway to a ziggurat.
 64992 | Depths:2 | Identified the cursed +0 robe of Yesterday {Str+4 Int+5}
                  | (You found it on level 2 of the Depths)
 65308 | Depths:2 | Gained mutation: You resist negative energy. (rN+) [demonic
                  | ancestry]
 65308 | Depths:2 | Reached XP level 24. HP: 159/173 MP: 22/47
 65397 | Depths:2 | Noticed Asterion
 65404 | Depths:2 | Noticed a juggernaut
 65407 | Depths:2 | Killed Asterion
 65410 | Depths:2 | Killed a juggernaut
 65969 | Depths:3 | Found a portal to a secret trove of treasure.
 66218 | Depths:3 | Found a one-way gate to the infinite horrors of the Abyss.
 66323 | Depths:3 | Found a one-way gate leading to the halls of Pandemonium.
 66512 | Depths:3 | Found Fothe's Assorted Antiques.
 66587 | Depths:3 | Found a shimmering altar of Xom.
 67032 | Depths:4 | Found a magical portal.
 67038 | WizLab   | Entered The Hall of the Hellbinder
 67188 | WizLab   | Identified the Incunabulum of the Sturgeon
 67347 | WizLab   | Reached skill level 10 in Ice Magic
 67394 | WizLab   | Found a burning altar of Makhleb.
 67415 | WizLab   | Identified Werph's Grimoire of Companions
 67455 | WizLab   | Identified the ring "Lyoxim" {*Tele rC+ MR+ Str+3} (You
                  | found it in a wizard's laboratory)
 67457 | WizLab   | Identified the ring "Lufraw" {*Tele rElec rPois rC+} (You
                  | found it in a wizard's laboratory)
 67480 | WizLab   | Identified the ring of Fatigue {*Tele Int+3} (You found it
                  | in a wizard's laboratory)
 67482 | WizLab   | Identified the ring "Inipp" {rF+ rN+ MR+ Int+7 Stlth-} (You
                  | found it in a wizard's laboratory)
 68061 | Depths:4 | Noticed a greater mummy
 68070 | Depths:4 | Killed a greater mummy
 68096 | Depths:4 | Got a faintly glowing leather armour
 68107 | Depths:4 | Identified the +4 leather armour "Forget-Me-Not" {+Inv
                  | Stlth+} (You found it on level 4 of the Depths)
 68245 | Depths:4 | Found a corrupted altar of Lugonu.
 68300 | Depths:4 | Reached skill level 22 in Conjurations
 68552 | Depths:4 | You fall through a shaft!
 68552 | Depths:5 | Entered Level 5 of the Depths
 68578 | Depths:5 | Found a shattered altar of Ashenzari.
 68698 | Depths:5 | Got a pair of spiked gloves
 68869 | Depths:5 | Found a basalt altar of Yredelemnul.
 69242 | Depths:4 | Identified the +4 pair of gloves of Idealism {rPois Slay+2}
                  | (You found it on level 5 of the Depths)
 69528 | Depths:4 | Found a runed translucent door.
 70332 | Depths:5 | Gained mutation: You are somewhat able to resist unholy
                  | torments (1 in 2 success). [demonic ancestry]
 70332 | Depths:5 | Reached XP level 25. HP: 176/180 MP: 45/48
 70541 | Depths:5 | Found a gate to the Realm of Zot.
 71341 | Tomb:1   | Entered Level 1 of the Tomb of the Ancients
 71868 | Tomb:1   | Noticed a greater mummy
 71880 | Tomb:1   | Killed a greater mummy
 72177 | Tomb:1   | Slain by a death scarab

Skill      XL: |  1  2  3  4  5  6  7  8  9 10 11 12 13 14 15 16 17 18 19 20 21 22 23 24 25 |
---------------+----------------------------------------------------------------------------+-----
Stealth        | 2 3 4 5 6 |  6.6
Poison Magic   | 4 5 6 7 8 9 11 12 13 14 15 16 | 16.4
Dodging        | 2 3 4 5 6 |  6.7
Air Magic      | 1 2 3 |  3.6
Spellcasting   | 3 4 5 6 7 8 9 10 12 13 14 15 16 17 18 19 20 21 | 21.5
Fighting       | 1 2 3 4 5 6 |  6.0
Short Blades   | 2 3 4 5 6 |  6.6
Conjurations   | 2 3 4 5 6 8 11 12 14 15 17 18 19 20 21 22 | 22.6
Armour         | 2 4 5 6 7 8 |  8.6
Summonings     | 1 2 3 4 5 6 7 |  7.5
Necromancy     | 2 3 4 5 6 7 8 10 11 | 11.8
Evocations     | 1 2 |  2.7
Fire Magic     | 2 3 4 5 6 7 |  7.0
Earth Magic    | 3 4 5 6 7 8 |  8.8
Charms         | 1 2 3 4 5 6 7 |  7.4
Ice Magic      | 2 5 7 9 10 11 | 11.1
Staves         | |  0.7
Unarmed Combat | |  0.1

Action                   |  1- 3 |  4- 6 |  7- 9 | 10-12 | 13-15 | 16-18 | 19-21 | 22-24 | 25-27 || total
-------------------------+-------+-------+-------+-------+-------+-------+-------+-------+-------++-------
Melee: Unarmed           |       |     8 |       |       |       |       |       |       |       ||     8
       Dagger            |       |    19 |   153 |   524 |    43 |    20 |       |       |       ||   759
       Headbutt          |       |       |     7 |    82 |    20 |    13 |     1 |       |       ||   123
       Staff             |       |       |       |       |    57 |    13 |     8 |     3 |       ||    81
       Quarterstaff      |       |       |       |       |       |       |       |     1 |     1 ||     2
 Cast: Sting             |    22 |     8 |     3 |     6 |     3 |    11 |    42 |    32 |       ||   127
       Poisonous Vapours |     7 |    34 |    12 |    12 |       |       |       |       |       ||    65
       Olgreb's Toxic Ra |       |    14 |    20 |    83 |    38 |     3 |       |       |       ||   158
       Mephitic Cloud    |       |       |     7 |    11 |     7 |       |       |       |       ||    25
       Venom Bolt        |       |       |     3 |   106 |   321 |   378 |   258 |   140 |     3 ||  1209
       Call Canine Famil |       |       |       |    15 |     2 |       |       |       |       ||    17
       Bolt of Draining  |       |       |       |     9 |    56 |    14 |   137 |    78 |     3 ||   297
       Regeneration      |       |       |       |     2 |    23 |    66 |    64 |    70 |     4 ||   229
       Bolt of Magma     |       |       |       |       |   180 |   164 |    90 |   132 |     7 ||   573
       Iskenderun's Batt |       |       |       |       |    67 |    92 |   101 |    48 |       ||   308
       Orb of Destructio |       |       |       |       |    38 |    32 |    75 |   224 |    27 ||   396
       Spellforged Servi |       |       |       |       |     2 |    61 |    87 |    89 |    10 ||   249
       Lehudib's Crystal |       |       |       |       |       |       |    52 |    20 |     3 ||    75
       Dispel Undead     |       |       |       |       |       |       |       |   222 |    35 ||   257
       Glaciate          |       |       |       |       |       |       |       |     1 |       ||     1
 Abil: Evoke Flight      |       |       |       |       |     1 |       |       |       |       ||     1
       Evoke Fog         |       |       |       |       |       |       |     5 |     1 |       ||     6
       Evoke Blink       |       |       |       |       |       |       |     6 |       |       ||     6
       Evoke Invisibilit |       |       |       |       |       |       |     6 |       |       ||     6
Evoke: Wand              |       |       |       |     6 |     3 |     8 |     4 |       |     1 ||    22
  Use: Scroll            |     2 |     1 |     1 |    17 |    23 |    14 |    11 |    17 |     1 ||    87
       Potion            |       |     2 |       |     3 |     1 |     8 |     1 |     2 |     1 ||    18
 Stab: Sleeping          |       |     3 |     6 |     6 |     1 |     1 |       |       |       ||    17
       Confused          |       |       |     2 |     3 |       |       |       |       |       ||     5
       Distracted        |       |       |       |     1 |       |       |       |       |       ||     1
  Eat: Chunk             |     2 |    10 |    15 |    51 |    58 |    43 |    69 |    33 |     2 ||   283
       Ration            |       |     1 |       |     5 |    18 |     5 |    11 |    17 |     1 ||    58
Armor: Robe              |     1 |    14 |    28 |       |       |       |       |       |       ||    43
       Skin              |       |     8 |       |       |       |       |       |       |       ||     8
       Ring mail         |       |       |     4 |   198 |    95 |   146 |   114 |   115 |    24 ||   696
       Acid dragon scale |       |       |       |       |    27 |       |       |       |       ||    27
       Leather armour    |       |       |       |       |     9 |     7 |       |       |       ||    16
Dodge: Dodged            |     6 |    60 |    63 |   313 |   190 |   185 |   151 |   162 |    36 ||  1166
